 Dungeon Crawl Stone Soup version 0.25.0-41-g26779e291d (webtiles) character file.

Game seed: 3498871048499326996

447 Ethylacetat the Stinger (level 7, 0/41 HPs)
             Began as an Octopode Venom Mage on July 10, 2020.
             Slain by a phantom (4 damage)
             ... on level 4 of the Dungeon.
             The game lasted 00:16:11 (4688 turns).

Ethylacetat the Stinger (Octopode Venom Mage)       Turns: 4688, Time: 00:16:12

Health: 0/41       AC:  1    Str:  6 (8)  XL:     7   Next: 3%
Magic:  12/12      EV: 13    Int: 18 (19) God:
Gold:   96         SH:  0    Dex: 11 (12) Spells: 4/12 levels left

rFire    + . .     SeeInvis .   (no weapon)
rCold    . . .     Gourm    .   (no shield)
rNeg     . . .     Faith    .   (helmet restricted)
rPois    .         Spirit   .   p - amulet of magic regeneration
rElec    +         Reflect  .   (no ring)
rCorr    .         Harm     .   (no ring)
MR       .....                  (no ring)
Stlth    +++.......             (no ring)
HPRegen  0.13/turn              (no ring)
MPRegen  0.38/turn              (no ring)
                                (no ring)
                                (no ring)

@: no status effects
A: almost no armour, stealthy swim, amphibious, 8 rings, constrict 8, camouflage
1, fire resistance 1, electricity resistance, gelatinous body 1
a: no special abilities


You were on level 4 of the Dungeon.
You were not hungry.

You visited 1 branch of the dungeon, and saw 4 of its levels.

You collected 96 gold pieces.

Inventory:

Jewellery
 p - an amulet of magic regeneration (around mantle)
Scrolls
 a - a scroll of noise {unknown}
 d - a scroll of fog {unknown}
 e - 2 scrolls of enchant weapon
 g - 2 scrolls of remove curse
 h - a scroll of enchant armour {unknown}
 i - 4 scrolls of identify {unknown}
 j - a scroll of teleportation {unknown}
Comestibles
 b - 4 rations
 c - a chunk of flesh


   Skills:
 - Level 2.0 Dodging
 - Level 2.6 Stealth
 + Level 3.4 Spellcasting
 * Level 4.4 Transmutations
 * Level 6.4 Poison Magic


You had 4 spell levels left.
You knew the following spells:

 Your Spells              Type           Power        Failure   Level  Hunger
a - Sting                 Tmut/Pois      ###.         1%          1    None
b - Ignite Poison         Fire/Tmut/Pois ###.....     11%         3    ###....
c - Olgreb's Toxic Radia  Pois           ####....     11%         4    ####...

Your spell library contained the following spells:

 Spells                   Type           Power        Failure   Level  Hunger
 Poisonous Vapours        Pois/Air       ##....       6%          2    ##.....
 Mephitic Cloud           Conj/Pois/Air  ##......     19%         3    ###....


Dungeon Overview and Level Annotations

Branches:
Dungeon (4/15)
 Temple: D:4-7

Altars:
Uskayaw
Yredelemnul
The Shining One

Shops:
D:4 [


Innate Abilities, Weirdness & Mutations

You cannot wear most types of armour.
You are very stealthy in the water. (Stealth+)
You are amphibious.
You can wear up to eight rings at the same time.
You can use your tentacles to constrict eight enemies at once.
Your skin changes colour to match your surroundings (Stealth+).
Your rubbery body absorbs attacks. (AC +1, EV +1)
Your flesh is heat resistant. (rF+)
You are resistant to electric shocks. (rElec)


Message History

* * * LOW HITPOINT WARNING * * *
The phantom blinks!
The phantom blinks!
The phantom blinks!
The phantom blinks!
The phantom blinks!
The phantom blinks!
Found a leather armour.
There is a stone staircase leading down here.
The phantom hits you!
* * * LOW HITPOINT WARNING * * *
There is a stone staircase leading up here.
You barely miss the phantom. You barely miss the phantom. The phantom hits you.
* * * LOW HITPOINT WARNING * * *
The phantom blinks!
You tentacle-slap the phantom but do no damage.
The phantom misses you.
You closely miss the phantom. The phantom hits you.
You die...

### #@# #W######
#......# ######.####
[$ #.#..+....
#.#.##....
#>........
########.........
#...................


You could see a phantom.

Vanquished Creatures
  A howler monkey (D:4)
  An orc priest (D:4)
  3 orc wizards
  An iguana (D:4)
  3 worker ants (D:4)
  6 gnolls
  5 adders
  A worm (D:2)
  2 dart slugs (D:1)
  4 leopard geckos
  13 orcs
  7 giant cockroaches
  9 goblins
  A hobgoblin (D:3)
  13 kobolds
  A quokka (D:2)
  8 bats
  3 frilled lizards
  A jackal zombie (D:2)
  4 rats (D:1)
87 creatures vanquished.

Notes
Turn   | Place    | Note
-------+----------+-------------------------------------------
     0 | D:1      | Ethylacetat the Octopode Venom Mage began the quest for the
                  | Orb.
     0 | D:1      | Reached XP level 1. HP: 11/11 MP: 3/3
   196 | D:1      | Reached XP level 2. HP: 17/17 MP: 3/5
   403 | D:1      | Reached skill level 4 in Poison Magic
   983 | D:1      | Reached XP level 3. HP: 21/21 MP: 3/6
  1461 | D:2      | Reached XP level 4. HP: 9/27 MP: 1/7
  2451 | D:3      | Reached skill level 5 in Poison Magic
  2451 | D:3      | Reached XP level 5. HP: 14/31 MP: 0/9
  3125 | D:3      | Found a hide-covered altar of Uskayaw.
  3140 | D:3      | Learned a level 3 spell: Ignite Poison
  3145 | D:3      | Learned a level 4 spell: Olgreb's Toxic Radiance
  3282 | D:3      | Found a basalt altar of Yredelemnul.
  3287 | D:3      | Found a glowing golden altar of the Shining One.
  3289 | D:3      | Noticed an angel
  3570 | D:4      | Noticed a phantom
  3586 | D:4      | Reached XP level 6. HP: 36/36 MP: 2/10
  3829 | D:4      | Noticed a phantom
  3830 | D:4      | Reached skill level 6 in Poison Magic
  4506 | D:3      | Gained mutation: Scrolls take you a little longer to read.
                  | [potion of mutation]
  4506 | D:3      | Gained mutation: You are resistant to electric shocks.
                  | (rElec) [potion of mutation]
  4506 | D:3      | Lost mutation: Scrolls take you a little longer to read.
                  | [potion of mutation]
  4506 | D:3      | Gained mutation: Your flesh is heat resistant. (rF+)
                  | [potion of mutation]
  4581 | D:4      | Found Ixaskium's Armour Shop.
  4626 | D:4      | Reached XP level 7. HP: 27/41 MP: 3/12
  4688 | D:4      | Slain by a phantom

Illustrated notes

Levels and vault maps discovered:
D:1:      dpeg_arrival_leaves_temple_mockup, layout_loops_ring
D:2:      layout_basic, kennysheep_generic_room_11
D:3:      layout_loops_ring, grunt_temple_overflow_holy_war, marbit_many_paths,
          first_ration
D:4:      layout_basic, serial_shops, nicolae_shop_behind_doors

Skill      XL: |  1  2  3  4  5  6 |
---------------+-------------------+-----
Poison Magic   | 4 5 6 |  6.4
Transmutations | 2 3 4 |  4.4
Spellcasting   | 3 |  3.4
Dodging        | |  2.0
Stealth        | |  2.6

Action                   |  1- 3 |  4- 6 |  7- 9 || total
-------------------------+-------+-------+-------++-------
Melee: Unarmed           |    13 |    38 |     4 ||    55
       Constrict         |     3 |     6 |       ||     9
       Tentacles         |     1 |     2 |       ||     3
 Cast: Sting             |    51 |    86 |     1 ||   138
       Olgreb's Toxic Ra |       |     3 |       ||     3
       Ignite Poison     |       |     2 |     1 ||     3
  Use: Potion            |       |     5 |     1 ||     6
       Scroll            |       |     2 |       ||     2
 Stab: Sleeping          |     2 |       |       ||     2
  Eat: Chunk             |     1 |     9 |       ||    10
       Ration            |       |     1 |       ||     1
Armor: Skin              |       |     8 |       ||     8
Dodge: Dodged            |    22 |    59 |     3 ||    84
